 Dungeon Crawl Stone Soup version 0.26-a0-651-gb41185065b (webtiles) character file.

Game seed: 17950040993665154594

(classic levelgen) 77019 EnegeticOcto the Severer (level 15, 44/140 HPs)
             Began as a Deep Dwarf Fighter on Oct 14, 2020.
             Was the Champion of Makhleb.
             Quit the game on level 1 of the Shoals.
             The game lasted 00:10:20 (12400 turns).

EnegeticOcto the Severer (Deep Dwarf Fighter)      Turns: 12400, Time: 00:10:21

Health: 44/140     AC: 25    Str: 25    XL:     15   Next: 14%
Magic:  13/13      EV:  8    Int: 10    God:    Makhleb [******]
Gold:   1186       SH: 13    Dex: 12    Spells: 14/14 levels left

rFire    . . .     SeeInvis .   a - +4 broad axe (flame)
rCold    + + .     Faith    .   c - +0 kite shield
rNeg     + . .     Spirit   .   w - +4 chain mail {rC+}
rPois    .         Reflect  .   G - +0 helmet
rElec    .         Harm     .   n - +2 cloak
rCorr    +         Rampage  .   m - +2 pair of gloves {archery}
MR       ++...                  (no boots)
Stlth    ..........             E - amulet of the acrobat
HPRegen  0.00/turn              u - ring of protection from cold
MPRegen  0.13/turn              H - ring of resist corrosion

@: non-regenerating
A: damage resistance, heal wounds, negative energy resistance 1, sense
surroundings 2, no regeneration
a: Heal Wounds, Minor Destruction, Lesser Servant of Makhleb, Major Destruction,
Greater Servant of Makhleb, Renounce Religion


You were on level 1 of the Shoals.
You worshipped Makhleb.
Makhleb was exalted by your worship.
You visited 4 branches of the dungeon, and saw 22 of its levels.

You collected 2761 gold pieces.
You spent 1575 gold pieces at shops.

Inventory:

Hand Weapons
 a - a +4 broad axe of flaming (weapon)
Missiles
 l - 5 throwing nets (quivered)
Armour
 c - a +0 kite shield (worn)
 m - a +2 pair of gloves of archery (worn)
 n - a +2 cloak (worn)
 w - a +4 chain mail of cold resistance (worn)
 G - a +0 helmet (worn)
 L - a +1 cloak of preservation
Jewellery
 u - a ring of protection from cold (left hand)
 E - an amulet of the acrobat (around neck)
 H - a ring of resist corrosion (right hand)
Wands
 j - a wand of disintegration (23)
 t - a wand of paralysis (26)
 v - a wand of enslavement (10)
 x - a wand of iceblast (30) {@v2}
 K - a wand of polymorph (12)
Scrolls
 f - a scroll of remove curse {@r2}
 g - 6 scrolls of teleportation {@r3}
 i - 5 scrolls of fear
 k - 4 scrolls of blinking
 q - a scroll of summoning
 r - a scroll of immolation {@r4}
 s - 2 scrolls of vulnerability
 y - 2 scrolls of magic mapping {@r5}
 A - a scroll of identify {@r1}
 C - 2 scrolls of fog
Potions
 b - 2 potions of haste {@q4}
 d - 8 potions of might {@q3}
 e - a potion of ambrosia
 h - 7 potions of curing {@q1}
 o - 5 potions of heal wounds {@q2}
 p - a potion of resistance {@q5}
 z - a potion of mutation
 F - 3 potions of berserk rage
 I - 2 potions of cancellation {unknown}
Miscellaneous
 B - a tin of tremorstones (3/3)
 D - a box of beasts (3/3)
 J - a tin of tremorstones (3/3)
 V - a condenser vane (2/2)


   Skills:
 + Level 10.6 Fighting
 * Level 16.2 Axes
 + Level 12.3 Armour
 + Level 12.3 Shields
 + Level 14.8 Invocations
 + Level 4.1 Evocations


You had 14 spell levels left.
You didn't know any spells.
Your spell library was empty.

Dungeon Overview and Level Annotations

Branches:
Dungeon (15/15)            Temple (0/1) D:7            Lair (4/6) D:10
 Shoals (1/4) Lair:2        Snake (0/4) Lair:4          Orc (2/2) D:9
    Elf (0/3) Orc:2        Vaults (0/5) D:14         Depths (0/5) D:15

Altars:
Dithmenos
Elyvilon
Fedhas
Hepliaklqana
Kikubaaqudgha
Makhleb
Nemelex Xobeh
Ru
Sif Muna
Vehumet
Wu Jian
Xom
Yredelemnul
Zin

Shops:
D:5 :   D:6 (   D:9 (*   D:11 *   Orc:2 !!(}

Annotations:
D:4 2 runed translucent doors, Crazy Yiuf; Flugslaktarn's ghost, amateur DDFi
D:8 exclusion: oklob plant


Innate Abilities, Weirdness & Mutations

You are resistant to damage.
You can heal yourself by infusing magical energy.
You resist negative energy. (rN+)
You passively map the area around you.
You do not regenerate.


Message History

The merfolk hits your ufetubus with a +0 trident!!
Your ufetubus dies!
The sea snake bites you but does no damage.
The merfolk javelineer throws a javelin.
The javelin pierces through your ynoxinul!!
The javelin pierces through you but does no damage.
You hear a splash.
You block the merfolk aquamancer's attack.
You closely miss the sea snake.
The sea snake is lightly wounded.
You closely miss the merfolk aquamancer.
The sea snake bites you but does no damage.
Your ynoxinul hits the merfolk!
The merfolk dies!
Makhleb accepts your kill.
The merfolk javelineer throws a javelin.
The javelin pierces through your ynoxinul!!
Your ynoxinul dies!
The javelin pierces through you but does no damage.
You hear a splash.
Your unstable footing causes you to fumble your attack.
The merfolk aquamancer points at you and mumbles some strange words.
The torrent of water hits you!
You are knocked back by the torrent of water.
Splash!
The wave splashes down.
The sea snake bites you but does no damage.
You hear a shout! x2; You hear an angry hiss. x2
You slice the sea snake!! You burn the sea snake.
The sea snake is moderately wounded.
The sea snake bites you.
You block the merfolk aquamancer's attack.
You slice the sea snake!! You burn the sea snake.
The sea snake is severely wounded.
You hit the merfolk aquamancer. You burn the merfolk aquamancer.
You block the sea snake's attack.
Your unstable footing causes you to fumble your attack.
You block the sea snake's attack.
You block the merfolk aquamancer's attack.
You slash the sea snake! You burn the sea snake.
The sea snake is almost dead.
You slash the merfolk aquamancer! You burn the merfolk aquamancer.
The sea snake closely misses you.
The merfolk aquamancer hits you but does no damage.
The merfolk javelineer throws a javelin.
The javelin barely misses you.
You closely miss the sea snake.
The sea snake is almost dead.
You hit the merfolk aquamancer. You burn the merfolk aquamancer.
A merfolk javelineer comes into view.
It is wielding a +5 vorpal spear and quivering 20 silver javelins.
The sea snake bites you.
The merfolk aquamancer hits you but does no damage.
You completely miss the sea snake.
The sea snake is almost dead.
You slice the merfolk aquamancer!! You burn the merfolk aquamancer!
You kill the merfolk aquamancer!
Makhleb accepts your kill.
You hear a splash. x2
The merfolk javelineer throws a javelin.
The javelin pierces through you but does no damage.
You hear a splash.
The merfolk javelineer throws a silver javelin.
The silver javelin barely misses you.
You hear a splash.
The sea snake barely misses you.
You miss the sea snake.
The sea snake is almost dead.
The sea snake bites you!
The merfolk javelineer throws a javelin.
The javelin pierces through you.
The merfolk javelineer throws a silver javelin.
The silver javelin pierces through you!
You are too injured to fight recklessly!
You are too injured to fight recklessly!
You are too injured to fight recklessly!
You are too injured to fight recklessly!
You are too injured to fight recklessly!
You are too injured to fight recklessly!
You are too injured to fight recklessly!
You are too injured to fight recklessly!
You are too injured to fight recklessly!
You are too injured to fight recklessly!
You are too injured to fight recklessly!
You are too injured to fight recklessly!
You are too injured to fight recklessly!
You feel much better.
The sea snake bites you but does no damage.
The merfolk javelineer throws a javelin.
The javelin pierces through you!
The merfolk javelineer throws a silver javelin.
The silver javelin pierces through you!!
You are too injured to fight recklessly!
You are too injured to fight recklessly!
You are too injured to fight recklessly!
You are too injured to fight recklessly!
You are too injured to fight recklessly!
You are too injured to fight recklessly!
You are too injured to fight recklessly!
There are monsters nearby!
Are you sure you want to abandon this character and quit the game? (Confirm with "yes".)

)#....≈≈≈≈.≈≈≈≈≈≈≈.≈≈≈...,,
, ..≈...≈≈≈......≈≈≈≈≈≈≈...
, †≈....≈≈≈..##...≈≈≈≈≈≈.m.
, .≈....≈≈≈..# #..≈≈≈≈≈≈...
≈.........## #..≈≈≈≈≈≈≈≈.
≈≈ , ≈...###...#
#..≈≈≈≈≈≈≈≈ ≈ ....##..###
*#)≈)≈≈≈≈≈≈ ≈ .....#...#
#.))≈≈≈≈≈≈ ≈ ........##
##@S≈≈≈≈≈≈≈ ≈ ≈
.........######..)≈≈≈≈≈≈≈ ≈
≈ ..........#.....(≈≈m≈≈≈≈≈
≈≈
......≈.......≈≈≈≈≈≈≈≈≈≈≈≈≈
≈≈
..≈.≈.≈..≈≈≈≈≈≈≈≈≈≈≈≈≈≈≈≈≈
≈≈
≈≈≈.≈...≈≈≈≈≈≈≈≈≈≈≈≈≈≈≈≈≈≈
≈≈ ≈
≈≈≈≈≈≈..≈≈≈≈≈≈≈≈≈≈≈≈≈≈≈≈≈
,,,
≈≈≈≈≈≈...≈≈≈≈≈≈≈≈≈≈≈≈≈≈≈≈≈
, , ≈≈≈≈≈≈≈..≈≈≈≈≈≈≈≈≈≈≈≈≈≈


You could see 2 merfolk javelineers and a sea snake.

Vanquished Creatures
  Rupert (Lair:3)
  A kraken (Shoals:1)
  An ettin (Orc:2)
  Harold (D:11)
  A merfolk impaler (Shoals:1)
  5 vault guards (D:14)
  5 hydras
  4 ogre magi
  2 merfolk aquamancers (Shoals:1)
  3 centaur warriors
  16 two-headed ogres
  A queen ant (shapeshifter) (D:13)
  Urug (Lair:3)
  4 skeletal warriors (D:15)
  2 deep trolls (Orc:2)
  A sea snake (Shoals:1)
  An unseen horror (D:10)
  2 wizards (D:15)
  Pikel (D:4)
  2 deep elf magi
  9 ugly things
  An orc sorcerer (D:15)
  2 manticores
  5 centaur zombies
  3 cyclopes
  5 centaur skeletons
  6 cane toads
  2 gargoyles
  2 kobold demonologists (D:15)
  A redback zombie (D:14)
  2 rime drakes (Lair:2)
  3 komodo dragons
  3 meliai (D:13)
  A polar bear (Lair:2)
  2 merfolk (Shoals:1)
  9 trolls
  3 hornets
  A snapping turtle (Shoals:1)
  5 blink frogs (Lair:2)
  5 hippogriffs
  A meliai zombie (D:13)
  12 yaks
  2 wraiths
  A wyvern (D:6)
  A spriggan (Lair:2)
  3 shadows
  A water elemental (Shoals:1)
  7 vampire mosquitoes
  A redback simulacrum (D:15)
  Edmund (D:4)
  3 chaos spawn (D:13)
  2 wargs (Orc:2)
  3 acid dragons
  4 porcupines
  4 water moccasins
  10 orc warriors
  8 black bears
  3 ice beasts
  6 sky beasts
  A necrophage (D:8)
  27 wolves
  An eye of draining (D:11)
  22 centaurs
  30 ogres
  4 phantoms
  4 crocodiles
  A lemure (D:4)
  6 big kobolds
  13 bullfrogs
  2 wyvern zombies
  5 scorpions
  3 wyvern skeletons
  3 troll zombies (D:9)
  11 howler monkeys
  5 killer bees (D:8)
  6 wights
  6 jellies
  A quasit (D:10)
  3 bullfrog zombies
  6 hounds
  11 orc priests
  5 iguanas
  10 worker ants
  14 orc wizards
  A killer bee zombie (D:8)
  5 ogre zombies (D:9)
  A hound skeleton (D:6)
  A worker ant zombie (D:5)
  3 gnolls (D:6)
  13 adders
  3 shadow imps
  6 white imps
  3 ufetubi
  An ooze (D:2)
  An adder zombie (D:9)
  2 adder skeletons
  A worm (D:2)
  8 leopard geckos
  83 orcs
  3 bats
  A bat zombie (D:7)
  4 giant cockroaches
  A hobgoblin (D:1)
  7 jackals
  10 kobolds
  2 quokkas
  2 ball pythons
  A frilled lizard (D:4)
  A goblin (D:2)
  3 goblin skeletons (D:9)
  4 goblin zombies (D:9)
  3 hobgoblin zombies (D:9)
  A leopard gecko skeleton (D:5)
  An orc skeleton (D:9)
  14 orc zombies (D:9)
  A quokka zombie (D:5)
  2 rats
  3 rat zombies (D:7)
  4 tentacles (Shoals:1)
598 creatures vanquished.

Vanquished Creatures (collateral kills)
  3 vault guards (D:14)
  2 merfolk (Shoals:1)
5 creatures vanquished.

Vanquished Creatures (others)
  A hippogriff (D:15)
  2 fungi (Lair:2)
  22 plants
  3 tentacles (Shoals:1)
28 creatures vanquished.

Grand Total: 631 creatures vanquished

Notes
Turn   | Place    | Note
-------+----------+-------------------------------------------
     0 | D:1      | EnegeticOcto the Deep Dwarf Fighter began the quest for the
                  | Orb.
     0 | D:1      | Reached XP level 1. HP: 20/20 MP: 1/1
   108 | D:2      | Reached XP level 2. HP: 25/27 MP: 2/2
   193 | D:2      | Reached skill level 3 in Axes
   193 | D:2      | Reached XP level 3. HP: 32/34 MP: 3/3
   317 | D:4      | Reached XP level 4. HP: 31/42 MP: 4/4
   320 | D:4      | Noticed Flugslaktarn's ghost (amateur DDFi)
   323 | D:4      | Found a runed translucent door.
   369 | D:4      | Reached skill level 4 in Axes
   369 | D:4      | Reached XP level 5. HP: 38/49 MP: 5/5
   459 | D:4      | Noticed Edmund
   494 | D:4      | Killed Edmund
   494 | D:4      | Reached XP level 6. HP: 52/56 MP: 6/6
   519 | D:4      | Reached skill level 5 in Axes
   565 | D:4      | Found a runed translucent door.
   566 | D:4      | Noticed Crazy Yiuf
   600 | D:4      | Noticed a hippogriff
   625 | D:4      | Killed a hippogriff
   625 | D:4      | Reached skill level 5 in Armour
   625 | D:4      | Reached XP level 7. HP: 41/64 MP: 7/7
   633 | D:4      | Noticed Pikel
   633 | D:4      | Reached skill level 5 in Shields
   671 | D:4      | Killed Pikel
   671 | D:4      | Reached skill level 6 in Axes
   671 | D:4      | Reached XP level 8. HP: 62/73 MP: 8/8
   688 | D:4      | Found a shimmering blue altar of Sif Muna.
   923 | D:4      | Reached skill level 7 in Axes
  1096 | D:5      | Entered Level 5 of the Dungeon
  1167 | D:5      | Found a glowing silver altar of Zin.
  1359 | D:5      | Reached skill level 5 in Fighting
  1364 | D:5      | Found a radiant altar of Vehumet.
  1607 | D:5      | Found Wehau's Book Emporium.
  1926 | D:6      | Reached skill level 8 in Axes
  1991 | D:6      | Found a sacrificial altar of Ru.
  1994 | D:6      | Found an ornate altar of the Wu Jian Council.
  1997 | D:6      | Found a blossoming altar of Fedhas.
  2050 | D:6      | Gained mutation: You passively map the area around you.
                  | [Deep Dwarf growth]
  2050 | D:6      | Reached XP level 9. HP: 37/81 MP: 6/6
  2135 | D:6      | Reached skill level 9 in Axes
  2327 | D:6      | Found a hazy altar of Hepliaklqana.
  2374 | D:6      | Found Meyl's Antique Weapon Shop.
  2555 | D:7      | Found a white marble altar of Elyvilon.
  2630 | D:7      | Found a staircase to the Ecumenical Temple.
  2768 | D:7      | Found an ancient bone altar of Kikubaaqudgha.
  2884 | D:7      | Found a sparkling altar of Nemelex Xobeh.
  2884 | D:7      | Noticed a two-headed ogre
  2903 | D:7      | Killed a two-headed ogre
  2903 | D:7      | Reached skill level 10 in Axes
  3195 | D:8      | Reached XP level 10. HP: 61/92 MP: 4/4
  3282 | D:8      | Found a blossoming altar of Fedhas.
  3301 | D:8      | Noticed an oklob plant
  3727 | D:8      | Found a burning altar of Makhleb.
  3792 | D:8      | Became a worshipper of Makhleb the Destroyer
  4105 | D:9      | Reached skill level 1 in Invocations
  4123 | D:9      | Identified a scroll of acquirement
  4123 | D:9      | Acquired a +1 broad axe of flaming
  4176 | D:9      | Found Joargh's Weapon Emporium.
  4264 | D:9      | Noticed a two-headed ogre
  4268 | D:9      | Killed a two-headed ogre
  4268 | D:9      | Reached skill level 11 in Axes
  4404 | D:9      | Reached * piety under Makhleb
  4421 | D:9      | Reached ** piety under Makhleb
  4450 | D:9      | Found a staircase to the Orcish Mines.
  4542 | D:9      | Found Onemosadgh's Assorted Antiques.
  4549 | D:9      | Bought a shiny moonstone ring for 115 gold pieces
  4549 | D:9      | Bought a glowing chain mail for 172 gold pieces
  4897 | D:10     | Entered Level 10 of the Dungeon
  4948 | D:10     | Killed an unseen horror
  4948 | D:10     | Reached skill level 5 in Invocations
  5022 | D:10     | Paralysed by a hornet for 3 turns
  5033 | D:10     | Reached XP level 11. HP: 63/100 MP: 7/7
  5435 | D:10     | Reached *** piety under Makhleb
  5555 | D:10     | Found a staircase to the Lair.
  5900 | D:10     | Reached skill level 12 in Axes
  6064 | D:11     | Found Vaett's Demolitions Depot.
  6277 | D:11     | Found a blossoming altar of Fedhas.
  6303 | D:11     | Noticed a white ugly thing
  6306 | D:11     | Noticed Harold
  6324 | D:11     | Killed a white ugly thing
  6326 | D:11     | Killed Harold
  6449 | D:11     | Noticed a deep elf mage
  6458 | D:11     | Killed a deep elf mage
  7176 | D:12     | Noticed a purple ugly thing
  7193 | D:12     | Killed a purple ugly thing
  7270 | D:12     | Found a shadowy altar of Dithmenos.
  7280 | D:12     | Noticed a green ugly thing
  7292 | D:12     | Killed a green ugly thing
  7292 | D:12     | Reached **** piety under Makhleb
  7437 | D:12     | Noticed a seven-headed hydra
  7444 | D:12     | Killed a four-headed hydra
  7444 | D:12     | Reached XP level 12. HP: 58/111 MP: 10/10
  7464 | D:12     | Found a basalt altar of Yredelemnul.
  7790 | D:13     | Found a shimmering altar of Xom.
  7793 | D:13     | Found the +7 mace of Variability {chain chaos}
  7881 | D:13     | Noticed a two-headed ogre
  7891 | D:13     | Killed a two-headed ogre
  7936 | D:13     | Reached skill level 13 in Axes
  7957 | D:13     | Reached skill level 10 in Shields
  8053 | D:13     | Noticed a spark wasp
  8055 | D:13     | Reached skill level 10 in Armour
  8057 | D:13     | Noticed a queen ant
  8057 | D:13     | a spark wasp changed into a queen ant
  8060 | D:13     | Reached skill level 10 in Invocations
  8066 | D:13     | Killed a queen ant
  8496 | D:14     | Reached ***** piety under Makhleb
  8642 | D:14     | Noticed a centaur warrior
  8650 | D:14     | Killed a centaur warrior
  8763 | D:14     | Noticed a five-headed hydra
  8773 | D:14     | Killed a one-headed hydra
  8803 | D:14     | Reached XP level 13. HP: 100/121 MP: 13/13
  9038 | D:14     | Found a gate to the Vaults.
  9078 | D:14     | Reached skill level 14 in Axes
  9296 | D:15     | Entered Level 15 of the Dungeon
  9366 | D:15     | Acquired 949 gold pieces
  9690 | D:15     | Found a shadowy altar of Dithmenos.
  9845 | D:15     | Found a staircase to the Depths.
 10034 | Orc:1    | Entered Level 1 of the Orcish Mines
 10085 | Orc:1    | Reached ****** piety under Makhleb
 10092 | Orc:1    | Gained mutation: You resist negative energy. (rN+) [Deep
                  | Dwarf growth]
 10092 | Orc:1    | Reached XP level 14. HP: 130/130 MP: 12/14
 10184 | Orc:2    | Entered Level 2 of the Orcish Mines
 10191 | Orc:2    | Reached skill level 15 in Axes
 10281 | Orc:2    | Found Asten Ruonn's Gadget Shoppe.
 10310 | Orc:2    | Reached skill level 10 in Fighting
 10342 | Orc:2    | Found Poijuh's Weapon Boutique.
 10358 | Orc:2    | Found Acwaobyt's Distillery.
 10359 | Orc:2    | Found Beiquo's Distillery.
 10381 | Orc:2    | Bought a potion of might for 44 gold pieces
 10381 | Orc:2    | Bought a potion of might for 44 gold pieces
 10471 | Orc:2    | Found a staircase to the Elven Halls.
 10551 | Orc:2    | Bought a box of beasts (3/3) for 300 gold pieces
 10551 | Orc:2    | Bought a condenser vane (2/2) for 300 gold pieces
 10551 | Orc:2    | Bought a tin of tremorstones (3/3) for 600 gold pieces
 11044 | Lair:1   | Entered Level 1 of the Lair of Beasts
 11194 | Lair:2   | Reached skill level 1 in Evocations
 11285 | Lair:2   | Found a staircase to the Shoals.
 11492 | Lair:2   | You fall into a shaft and drop 2 floors!
 11599 | Lair:4   | Found a staircase to the Snake Pit.
 11703 | Lair:3   | Noticed Urug
 11712 | Lair:3   | Killed Urug
 11762 | Lair:3   | Noticed Rupert
 11784 | Lair:3   | Killed Rupert
 12015 | Lair:2   | Reached skill level 16 in Axes
 12255 | Shoals:1 | Entered Level 1 of the Shoals
 12268 | Shoals:1 | Noticed a kraken
 12284 | Shoals:1 | Killed a kraken
 12284 | Shoals:1 | Reached XP level 15. HP: 80/140 MP: 14/14
 12400 | Shoals:1 | Quit the game

Illustrated notes

Levels and vault maps discovered:
D:1:      saegor_arrival_simple_d, layout_rooms, minmay_pentomino_v2
D:2:      layout_basic, marbit_many_paths, chequers_ecumenical_altar_simple,
          uniq_sigmund, uniq_robin
D:3:      layout_rooms, corexii_leaking_fountain
D:4:      layout_loops_ring, lemuel_blue_sif_altar,
          hellmonk_ghost_happy_afterlife, uniq_edmund, uniq_crazy_yiuf_cottage,
          uniq_pikel
D:5:      layout_basic, zin_scriptorium, nicolae_overflow_hidden_temple,
          serial_shops, nicolae_shop_stone
D:6:      minmay_recursive_quarters, layout_gridville, lemuel_doored_altar,
          grunt_temple_overflow_diamond, serial_shops, shop
D:7:      layout_loops_ring, lemuel_zombie_altar_kikubaaqudgha,
          elyvilon_altar_5, nemelex_xobeh_ov_fountains_minmay,
          minmay_temple_entry_from_below_a
D:8:      layout_loops_ring, makhleb_heckhound_becter, tgw_fedhas
D:9:      layout_irregular_city, zombieorc2_lemuel, serial_shops,
          nicolae_shop_stone, shop_coins, serial_glass, glass_columns_a,
          glass_columns_c, mrwooster_statue_mirror
D:10:     layout_loops_corners, david_lair_shrubbed, minmay_joined_circles
D:11:     layout_basic, basic_altar, nicolae_blasting_shop, uniq_harold
D:12:     layout_stronghold, basic_altar, serial_glass, glass_columns_b,
          glass_columns_a, glass_columns_a, glass_columns_b, glass_columns_a,
          glass_columns_a, kennysheep_flooded_box, blue_anna_alchemist
          [blue_anna_fruit_fields, blue_anna_fruit_fields]
D:13:     layout_loops_ring, minmay_guarded_unrand_variability
D:14:     layout_irregular_city, erik_vaults_2, serial_park_paths
          [serial_park_minivault_5x5_4]
D:15:     grunt_enter_depths_magical_seal, layout_irregular_city, basic_altar,
          nicolae_benzene_ring, grunt_decor_cap
Lair:1:   layout_hall_layers
Lair:2:   layout_small_grid, minmay_shoals_entry_centaurs,
          grunt_forest_stairs_clearing
Lair:3:   layout_roguey, uniq_urug, uniq_rupert
Lair:4:   layout_long_grid, dummy_snake_entry, special_room
          [special_room_mythical_zoo], grunt_forest_large_clearings
Shoals:1: layout_shoals, st_sunken_huts
Orc:1:    layout_diamond_mine, serial_shops, shop
Orc:2:    st_orc_open, layout_caves, nicolae_orc_damp_corner

Skill      XL: |  1  2  3  4  5  6  7  8  9 10 11 12 13 14 15 |
---------------+----------------------------------------------+-----
Fighting       | 3 4 5 6 7 8 9 10 | 10.6
Axes           | 3 4 5 6 8 10 11 12 13 14 16 | 16.2
Armour         | 4 5 6 7 8 9 10 11 12 | 12.3
Shields        | 4 5 6 7 8 9 10 11 12 | 12.3
Invocations    | 5 8 11 13 14 | 14.8
Evocations     | 3 4 |  4.1

Action                   |  1- 3 |  4- 6 |  7- 9 | 10-12 | 13-15 || total
-------------------------+-------+-------+-------+-------+-------++-------
Melee: War axe           |    48 |   123 |   430 |   122 |       ||   723
       Broad axe         |       |       |       |   623 |   647 ||  1270
Invok: Lesser Servant of |       |       |       |       |     4 ||     4
 Abil: Heal Wounds       |       |     6 |    21 |     8 |    19 ||    54
  Use: Scroll            |       |       |     2 |    25 |     5 ||    32
 Stab: Distracted        |       |       |       |       |     2 ||     2
Armor: Scale mail        |    20 |    69 |    60 |       |       ||   149
       Plate armour      |       |       |   169 |   117 |       ||   286
       Chain mail        |       |       |       |   270 |   389 ||   659
Dodge: Dodged            |    12 |    36 |   138 |   198 |   265 ||   649
Block: Kite shield       |    19 |    77 |   289 |   461 |   504 ||  1350

Table legend: (Time is in decaauts)
 A = Elapsed time spent in this place.
 B = Non-inter-level travel time spent in this place.
 C = Inter-level travel time spent in this place.
 D = Time resting spent in this place.
 E = Time spent auto-exploring this place.
 F = Levels seen in this place.
 G = Mean time per level.
                   A        B        C        D        E       F      G
               +--------+--------+--------+--------+--------+-----+--------+
         Total |  12473 |  11495 |    978 |      0 |   8225 |  22 |  567.0 |
       Dungeon |  10247 |   9428 |    819 |      0 |   6777 |  15 |  683.1 |
          Lair |   1177 |   1072 |    105 |      0 |    765 |   4 |  294.2 |
        Shoals |    133 |    133 |      0 |      0 |     40 |   1 |  133.0 |
  Orcish Mines |    914 |    862 |     52 |      0 |    642 |   2 |  457.0 |
               +--------+--------+--------+--------+--------+-----+--------+

Top non-repeatable levels by time:
    D:10: 1254 daAuts
     D:8: 995 daAuts
    D:11: 930 daAuts
     D:5: 877 daAuts
     D:9: 848 daAuts
    D:12: 841 daAuts
     D:4: 841 daAuts
    D:14: 832 daAuts
  Lair:2: 754 daAuts
   Orc:2: 753 daAuts
    D:13: 728 daAuts
     D:7: 612 daAuts
    D:15: 587 daAuts
     D:6: 564 daAuts
  Lair:3: 195 daAuts
